 Dungeon Crawl Stone Soup version 0.24.0-123-gd5b16e6ec5 (webtiles) character file.

Game seed: 7653452841857983848, levelgen mode: deterministic

238 Curus the Poker (level 5, -10/42 HPs)
             Began as a Minotaur Gladiator on Jan 20, 2020.
             Mangled by Menkaure (22 damage)
             ... on level 4 of the Dungeon.
             The game lasted 00:08:37 (2630 turns).

Curus the Poker (Minotaur Gladiator)                Turns: 2630, Time: 00:08:37

Health: -10/42     AC:  3    Str: 19    XL:     5   Next: 78%
Magic:  4/4        EV: 12    Int:  6    God:
Gold:   241        SH:  0    Dex: 11    Spells: 4/4 levels left

rFire    . . .     SeeInvis .   a - +0 trident
rCold    . . .     Gourm    .   (no shield)
rNeg     . . .     Faith    .   b - +0 leather armour
rPois    .         Spirit   .   c - +0 hat
rElec    .         Reflect  .   (no cloak)
rCorr    .         Harm     .   (no gloves)
MR       .....                  (no boots)
Stlth    +.........             (no amulet)
HPRegen  0.14/turn              j - ring of flight
MPRegen  0.09/turn              (no ring)

@: no status effects
A: retaliatory headbutt, horns 2
a: Evoke Flight


You were on level 4 of the Dungeon.
You were hungry.

You visited 1 branch of the dungeon, and saw 4 of its levels.

You collected 241 gold pieces.

Inventory:

Hand Weapons
 a - a +0 trident (weapon)
Missiles
 d - 3 throwing nets (quivered)
Armour
 b - a +0 leather armour (worn)
 c - a +0 hat (worn)
Jewellery
 j - a ring of flight (left hand)
Wands
 k - a wand of polymorph (6)
Scrolls
 e - 7 scrolls of identify
 g - 3 scrolls of remove curse
 h - 2 scrolls of teleportation
Potions
 i - a potion of heal wounds
Comestibles
 f - 8 rations


   Skills:
 - Level 2.4 Fighting
 + Level 7.9 Polearms
 - Level 2.0 Throwing
 - Level 3.2 Dodging


You had 4 spell levels left.
You didn't know any spells.
Your spell library was empty.

Dungeon Overview and Level Annotations

Branches:
Dungeon (4/15)
 Temple: D:4-7

Altars:
Kikubaaqudgha

Annotations:
D:4 Menkaure


Innate Abilities, Weirdness & Mutations

You reflexively headbutt those who attack you in melee.
You have a pair of horns on your head.


Message History

You hit the giant cockroach.
You kill the giant cockroach!
Press: ? - help, v - describe, . - travel
Here: Menkaure The floor.
Unknown command.
You hit Menkaure.
Menkaure is moderately damaged.
Menkaure hits you!
* * * LOW HITPOINT WARNING * * *
You barely miss Menkaure.
Menkaure is moderately damaged.
You hit Menkaure. Your headbutt misses Menkaure.
Menkaure is moderately damaged.
Menkaure misses you. You furiously retaliate!
You headbutt Menkaure. You hit Menkaure but do no damage.
Your headbutt misses Menkaure.
Menkaure is heavily damaged.
Menkaure hits you!!
Ouch! That really hurt!
You die...

#........###....
#........# #......
#........####.....#
#.................
#........##......
#######)(#........
#............##gg.
##.....)[..#####M##
....)...)#...##$@#
........(.##.##.##
#.......>......#
#.............##
##........##...#
........#.###.....#
##..##.##.# #...#...
#...#./... .........
#.....##.###........


You could see Menkaure, a hobgoblin and a goblin.

Vanquished Creatures
  A worker ant (D:3)
  Robin (D:4)
  A gnoll (D:2)
  8 adders
  2 oozes (D:2)
  5 worms
  4 dart slugs
  4 leopard geckos
  8 orcs
  4 giant cockroaches
  10 goblins
  14 hobgoblins
  2 jackals (D:4)
  4 kobolds
  2 quokkas
  7 bats
  5 frilled lizards
  5 rats
  A rat zombie (D:3)
88 creatures vanquished.

Notes
Turn   | Place    | Note
-------+----------+-------------------------------------------
     0 | D:1      | Curus the Minotaur Gladiator began the quest for the Orb.
     0 | D:1      | Reached XP level 1. HP: 18/18 MP: 0/0
    66 | D:1      | Reached skill level 4 in Polearms
    77 | D:1      | Reached XP level 2. HP: 14/25 MP: 1/1
   445 | D:1      | Reached skill level 5 in Polearms
   533 | D:1      | Reached XP level 3. HP: 30/30 MP: 2/2
   833 | D:2      | Reached skill level 6 in Polearms
   833 | D:2      | Reached XP level 4. HP: 36/37 MP: 3/3
  1556 | D:3      | Reached XP level 5. HP: 26/42 MP: 4/4
  1638 | D:3      | Reached skill level 7 in Polearms
  1758 | D:3      | Found an ancient bone altar of Kikubaaqudgha.
  1973 | D:4      | Noticed Robin
  1987 | D:4      | Killed Robin
  2619 | D:4      | Noticed Menkaure
  2630 | D:4      | Mangled by Menkaure

Levels and vault maps discovered:
D:1:      ebering_hopf_link, layout_rooms, minmay_misc_feat_nine_boxes,
          minmay_misc_feat_diagonals
D:2:      minmay_inner_zag, layout_basic, first_ration
D:3:      layout_loops_ring, lemuel_zombie_altar_kikubaaqudgha
D:4:      kennysheep_the_goblin_king, layout_rooms, ashenzari_altar_1,
          fedhas_altar_fruit_tree, uniq_natasha, uniq_menkaure, uniq_robin

Skill      XL: |  1  2  3  4  5 |
---------------+----------------+-----
Polearms       | 4 5 6 7 |  7.9
Fighting       | |  2.4
Throwing       | |  2.0
Dodging        | |  3.2

Action                   |  1- 3 |  4- 6 || total
-------------------------+-------+-------++-------
Melee: Trident           |    77 |   140 ||   217
       Headbutt          |     6 |    11 ||    17
  Use: Potion            |     2 |     2 ||     4
       Scroll            |     3 |       ||     3
 Stab: Sleeping          |       |     1 ||     1
  Eat: Chunk             |       |     5 ||     5
Armor: Leather armour    |    13 |    27 ||    40
Dodge: Dodged            |    29 |    74 ||   103
